 Dungeon Crawl Stone Soup version 0.29.0-11-gd7f09526c8 (webtiles) character file.

Game seed: 6419278886150851008

326 olmar the Covered (level 6, -6/38 HPs)
             Began as a Gargoyle Fighter on Sept 5, 2022.
             Mangled by an ogre
             ... wielding a +0 giant club
              (20 damage)
             ... on level 5 of the Dungeon.
             The game lasted 00:04:58 (4625 turns).

olmar the Covered (Gargoyle Fighter)                Turns: 4625, Time: 00:04:59

Health: -6/38      AC: 16    Str: 21    XL:     6   Next: 49%
Magic:  6/6        EV:  6    Int:  9    God:
Gold:   204        SH:  4    Dex:  9    Spells: 5/5 levels left

rFire   . . .      SeeInvis .   a - +0 flail
rCold   + . .      Faith    .   c - +0 buckler
rNeg    + . .      Spirit   .   e - +0 plate armour
rPois   ∞          Reflect  .   (no helmet)
rElec   +          Harm     .   (no cloak)
rCorr   .          Rampage  .   (no gloves)
Will    .....                   (no boots)
Stlth   ..........              (no amulet)
HPRegen 0.12/turn               m - ring of protection from cold
MPRegen 0.10/turn               (no ring)

@: mighty, invisible
A: sickness immunity, AC +4, negative energy resistance 1, electricity
resistance, torment resistance 1, petrification resistance
a: no special abilities


You were on level 5 of the Dungeon.
You visited 1 branch of the dungeon, and saw 5 of its levels.

You collected 226 gold pieces.
You spent 22 gold pieces at shops.

Inventory:

Hand Weapons
 a - a +0 flail (weapon)
Armour
 b - a +0 scale mail
 c - a +0 buckler (worn)
 e - a +0 plate armour (worn)
Jewellery
 m - a ring of protection from cold (left hand)
Scrolls
 g - a scroll of teleportation
 j - 4 scrolls of identify
 k - a scroll of noise
 l - a scroll of fog
 n - a scroll of amnesia {unknown}
 p - 3 scrolls of poison {unknown}
 q - a scroll of fear {unknown}
Potions
 d - a potion of might
 f - a potion of brilliance {unknown}
 h - 2 potions of invisibility
 i - 2 potions of curing {unknown}
 o - 2 potions of attraction {unknown}


   Skills:
 + Level 4.1 Fighting
 + Level 4.1 Maces & Flails
 + Level 5.2 Armour
 + Level 0.1 Dodging
 + Level 0.8 Stealth
 + Level 4.2 Shields


You had 5 spell levels left.
You didn't know any spells.
Your spell library contained the following spells:

 Spells                   Type           Power      Damage    Failure   Level
 Shock                    Conj/Air       0%         1d3       100%        1
 Swiftness                Air            0%         N/A       100%        3
 Airstrike                Air            0%         2d(0-16)  100%        4
 Petrify                  Tmut/Erth      0%         N/A       100%        4
 Irradiate                Conj/Tmut      0%         3d11      100%        5
 Sublimation of Blood     Necr           Unusable   N/A       N/A         2

Dungeon Overview and Level Annotations

Branches:
Dungeon (5/15)
 Temple: D:4-7

Altars:
The Shining One

Shops:
D:2 ?

Annotations:
D:3 2 transporters, oldmanjim's ghost, amateur GnAM


Innate Abilities, Weirdness & Mutations

You are immune to sickness and miasma.
Your stone body is resilient. (AC +4)
You are immune to poison.
You resist negative energy. (rN+)
You are resistant to electric shocks. (rElec)
You are resistant to unholy torment.
You are immune to petrification.


Message History

As you read the scroll labelled FYSOINTETOO, it crumbles to dust.
The scroll dissolves into smoke.
It was a scroll of fog.
Your surroundings suddenly seem different. 4 orcs and 2 ogres come into view.
An orc is wielding a +1 falchion of electrocution.
Found a scroll labelled TOJAB FOSTROVA and a scroll of identify.
The orc shouts! x3; The ogre shouts! x2
An orc wizard comes into view. It is wielding a +0 dagger.
Unknown command.
You feel very mighty all of a sudden.
The orc shouts! x2; The ogre shouts!
The orc shouts!
The orc wizard shouts!
The orc shouts!
You sock the ogre!
The ogre is heavily wounded.
The orc shouts!
The orc wizard shouts!
The orc shouts!
An iguana comes into view.
Unknown command.
The orc shouts!
The orc wizard shouts!
The ogre hits you with a +0 giant spiked club!
You block the orc's attack.
You sock the ogre!
You kill the ogre!
The orc shouts!
An orc comes into view. It is wielding a +0 hand axe.
Your Maces & Flails skill increases to level 4!
Unknown command.
The iguana hisses angrily.
You sock the ogre!
The ogre is moderately wounded.
The orc shouts!
The iguana hisses angrily.
The orc barely misses you.
Unknown command.
You barely miss the orc.
The orc shouts!
The iguana hisses angrily.
You hear an angry hiss.
The orc hits you with a +0 hand axe. The orc hits you but does no damage.
The orc hits you with a +1 falchion of electrocution.
The orc hits you but does no damage.
The ogre hits you with a +0 giant club!!
Ouch! That really hurt!
You die...

..........
.........# .
.........## ##..
..........##....
...............
.............
......oo..# .
......l@..##....
##....O.........
#..............
###.###o#......
#. #o##...?. .


oo. ..... . ... .?.. .. ...# #.## ....# ## You could see an ogre (unable to see
you), an iguana (wandering, unable to see you), an orc wizard (unable to see
you) and 4 orcs.

Vanquished Creatures
  An ogre (D:5)
  A hound (D:3)
  An orc priest (D:4)
  An orc wizard (D:4)
  An iguana (D:4)
  4 adders
  An ufetubus (D:3)
  2 worms
  A dart slug (D:1)
  4 orcs
  7 ball pythons
  5 endoplasms
  5 giant cockroaches
  10 goblins
  8 hobgoblins
  5 quokkas
  8 bats
  4 frilled lizards
  10 kobolds
  4 rats
83 creatures vanquished.

Vanquished Creatures (others)
  8 plants
8 creatures vanquished.

Grand Total: 91 creatures vanquished

Notes
Turn   | Place    | Note
-------+----------+-------------------------------------------
     0 | D:1      | olmar the Gargoyle Fighter began the quest for the Orb.
     0 | D:1      | Reached XP level 1. HP: 14/14 MP: 1/1
   238 | D:1      | Reached XP level 2. HP: 19/19 MP: 2/2
   596 | D:1      | Reached XP level 3. HP: 23/23 MP: 3/3
  1407 | D:2      | Found Jublim's Magic Scroll Emporium.
  1412 | D:2      | Bought a scroll of identify for 22 gold pieces
  2555 | D:3      | Found a transporter.
  2555 | D:3      | Identified the +3 spear "Ewausosh" {venom, rPois Will+}
  2556 | D:3      | Found a transporter.
  2630 | D:3      | Reached XP level 4. HP: 29/29 MP: 4/4
  2718 | D:3      | Reached skill level 4 in Armour
  3318 | D:3      | Noticed oldmanjim's ghost (amateur GnAM)
  3439 | D:3      | Reached XP level 5. HP: 16/33 MP: 5/5
  4171 | D:4      | Reached skill level 5 in Armour
  4185 | D:4      | Reached XP level 6. HP: 19/38 MP: 6/6
  4528 | D:4      | Found a glowing golden altar of the Shining One.
  4613 | D:5      | Entered Level 5 of the Dungeon
  4625 | D:5      | Mangled by an ogre

Illustrated notes

Levels and vault maps discovered:
D:1:      wander_arrival_peaceful_grave, layout_loops_ring
D:2:      layout_basic, serial_shops, nicolae_shop_statue_plus,
          chequers_serial_rivers_small_3, amethyst_killhole,
          kennysheep_generic_room_13
D:3:      minmay_bubble_buster, layout_loops_ring,
          gammafunk_ghost_gnarly_gnolls, corexii_item_surrounded_by_moat
D:4:      cheibrodos_old_hovel, layout_cave_pools, tso_altar
D:5:      gammafunk_wand_slinger, layout_cave_pools, grunt_dithmenos_smoke,
          gup_sewer_entry_bowl, roderic_roman_lattice

Skill      XL: |  1  2  3  4  5  6 |
---------------+-------------------+-----
Armour         | 4 5 |  5.2
Maces & Flails | 3 4 |  4.1
Shields        | 4 |  4.2
Fighting       | 4 |  4.1
Dodging        | |  0.1
Stealth        | |  0.8

Action                   |  1- 3 |  4- 6 || total
-------------------------+-------+-------++-------
Melee: Flail             |   133 |   158 ||   291
  Use: Potion            |       |     3 ||     3
       Scroll            |       |     3 ||     3
Armor: Scale mail        |    35 |       ||    35
       Plate armour      |    33 |   143 ||   176
Dodge: Dodged            |    41 |    52 ||    93
Block: Buckler           |    28 |    48 ||    76
